BR
YELLOWKNIFE CLAWS @ OCEANSIDE SWAMP FOXES
07/30/2027
 
TOP OF THE 1ST
Yellowknife Claws batting - Pitching for Oceanside Swamp Foxes : LHP Jorge Mora
Pitching: LHP Jorge Mora
Batting: RHB Fernando Álvarez 0-0: Ball
1-0: Swinging Strike
1-1: Ball
2-1: DOUBLE (Flyball, 78M)
Batting: RHB Carlos Uribe 0-0: Swinging Strike
0-1: Ball
1-1: Ball
2-1: Foul Ball, location: 2F
2-2: Ball
3-2: Foul Ball, location: 2F
3-2: Strikes out swinging
Batting: RHB Oliver Gonzéles 0-0: Ball
1-0: Ball
2-0: DOUBLE (Flyball, 78D)
Fernando Álvarez scores
Batting: RHB Jeff Benson 0-0: Called Strike
0-1: Ball
1-1: Ground out 4-3 (Groundball, 4M)
Oliver Gonzéles to third
Batting: RHB Scotty Hicks 0-0: Ground out 1-3 (Groundball, 13S)
Top of the 1st over - 1 run(s), 2 hit(s), 0 error(s), 1 left on base; Yellowknife 1 - Oceanside 0
BOTTOM OF THE 1ST
Oceanside Swamp Foxes batting - Pitching for Yellowknife Claws : RHP Mario Díaz
Pitching: RHP Mario Díaz
Batting: RHB Michael Fisher 0-0: Ball
1-0: Foul Ball, location: 2F
1-1: Swinging Strike
1-2: Ball
2-2: Foul Ball, location: 2F
2-2: SINGLE (Groundball, 34D)
Batting: LHB Arlen Powers 0-0: Ball
1-0: Swinging Strike
1-1: Ball
2-1: SINGLE (Groundball, 34D)
Michael Fisher to second
Runner from 2nd tries for 3rd, SAFE, throw made to third
Batting: LHB Clinton O'Brien 0-0: Called Strike
0-1: Fly out, F4 (Flyball, 34D)
Batting: RHB Nathan Smith 0-0: Called Strike
0-1: Ball
1-1: Ball
2-1: Fly out, F9 (Flyball, 9LSF)
Runner from 3rd tags up, SCORES, no throw
Batting: LHB Gabriel Aguilera 0-0: Called Strike
Arlen Powers is caught stealing 2nd base
Bottom of the 1st over - 1 run(s), 2 hit(s), 0 error(s), 0 left on base; Yellowknife 1 - Oceanside 1
TOP OF THE 2ND
Yellowknife Claws batting - Pitching for Oceanside Swamp Foxes : LHP Jorge Mora
Batting: RHB Cris Lugo 0-0: Ball
1-0: Ball
2-0: Ball
3-0: Called Strike
3-1: Called Strike
3-2: Reached on error, E5 (Groundball, 5S)
Batting: RHB Bob Bishop 0-0: Foul Ball, location: 2F
0-1: Ball
1-1: Ball
2-1: Fly out, F8 (Flyball, 8RM)
Batting: RHB Alan Williams 0-0: Called Strike
0-1: Foul Ball, location: 2F
0-2: Foul Ball, location: 2F
0-2: Ball
1-2: Strikes out looking
Batting: LHB Mauro Díaz 0-0: Foul Ball, location: 2F
0-1: Ball
1-1: Fly out, F8 (Flyball, 8LM)
Top of the 2nd over - 0 run(s), 0 hit(s), 1 error(s), 1 left on base; Yellowknife 1 - Oceanside 1
BOTTOM OF THE 2ND
Oceanside Swamp Foxes batting - Pitching for Yellowknife Claws : RHP Mario Díaz
Batting: LHB Gabriel Aguilera 0-0: Fly out, F5 (Popup, 5L)
Batting: RHB Ed Nygaard 0-0: Called Strike
0-1: Swinging Strike
0-2: Ball
1-2: Strikes out swinging
Batting: LHB Chris White 0-0: Ball
1-0: Ball
2-0: Called Strike
2-1: Swinging Strike
2-2: Ball
3-2: Strikes out swinging
Bottom of the 2nd over - 0 run(s), 0 hit(s), 0 error(s), 0 left on base; Yellowknife 1 - Oceanside 1
TOP OF THE 3RD
Yellowknife Claws batting - Pitching for Oceanside Swamp Foxes : LHP Jorge Mora
Batting: RHB Fernando Álvarez 0-0: Ground out 4-3 (Groundball, 4)
Batting: RHB Carlos Uribe 0-0: Ball
1-0: SINGLE (Line Drive, 56)
Batting: RHB Oliver Gonzéles 0-0: Ball
1-0: Grounds into double play, 6-4-3 (Groundball, 6)
Top of the 3rd over - 0 run(s), 1 hit(s), 0 error(s), 0 left on base; Yellowknife 1 - Oceanside 1
BOTTOM OF THE 3RD
Oceanside Swamp Foxes batting - Pitching for Yellowknife Claws : RHP Mario Díaz
Batting: RHB Vernon Harris 0-0: Called Strike
0-1: Ball
1-1: Ball
2-1: Bunt for hit - play at first, batter OUT! 1-3
Batting: RHB José López 0-0: Foul Ball, location: 2F
0-1: Swinging Strike
0-2: SINGLE (Flyball, 9LS)
Batting: RHB Michael Fisher 0-0: Called Strike
0-1: Called Strike
0-2: Fly out, F9 (Flyball, 9)
Batting: LHB Arlen Powers 0-0: Called Strike
0-1: Ball
Wild Pitch!
José López to second
1-1: Called Strike
1-2: Foul Ball, location: 2F
1-2: Fly out, F8 (Flyball, 78M)
Bottom of the 3rd over - 0 run(s), 1 hit(s), 0 error(s), 1 left on base; Yellowknife 1 - Oceanside 1
TOP OF THE 4TH
Yellowknife Claws batting - Pitching for Oceanside Swamp Foxes : LHP Jorge Mora
Batting: RHB Jeff Benson 0-0: Foul Ball, location: 2F
0-1: Ball
1-1: Swinging Strike
1-2: Strikes out swinging
Batting: RHB Scotty Hicks 0-0: Called Strike
0-1: Ground out 5-3 (Groundball, 56)
Batting: RHB Cris Lugo 0-0: Called Strike
0-1: Called Strike
0-2: Fly out, F7 (Line Drive, 7)
Top of the 4th over - 0 run(s), 0 hit(s), 0 error(s), 0 left on base; Yellowknife 1 - Oceanside 1
BOTTOM OF THE 4TH
Oceanside Swamp Foxes batting - Pitching for Yellowknife Claws : RHP Mario Díaz
Batting: LHB Clinton O'Brien 0-0: Called Strike
0-1: Swinging Strike
0-2: Strikes out looking
Batting: RHB Nathan Smith 0-0: Called Strike
0-1: Fly out, F7 (Line Drive, 7)
Batting: LHB Gabriel Aguilera 0-0: Ball
1-0: Foul Ball, location: 2F
1-1: Ball
2-1: Foul Ball, location: 2F
2-2: Ground out 6-3 (Groundball, 6M)
Bottom of the 4th over - 0 run(s), 0 hit(s), 0 error(s), 0 left on base; Yellowknife 1 - Oceanside 1
TOP OF THE 5TH
Yellowknife Claws batting - Pitching for Oceanside Swamp Foxes : LHP Jorge Mora
Batting: RHB Bob Bishop 0-0: Ball
1-0: Ball
2-0: Called Strike
2-1: Ball
3-1: Base on Balls
Batting: RHB Alan Williams 0-0: Fly out, F8 (Line Drive, 8LS)
Batting: LHB Mauro Díaz 0-0: Ball
1-0: Foul Ball, location: 2F
1-1: Called Strike
1-2: Ball
2-2: TRIPLE (Flyball, 8LM)
Bob Bishop scores
Batting: RHB Fernando Álvarez 0-0: Ball
1-0: Swinging Strike
1-1: Ball
2-1: Foul Ball, location: 2F
2-2: Strikes out swinging
Batting: RHB Carlos Uribe 0-0: Ball
1-0: Swinging Strike
1-1: Called Strike
1-2: Strikes out swinging
Top of the 5th over - 1 run(s), 1 hit(s), 0 error(s), 1 left on base; Yellowknife 2 - Oceanside 1
BOTTOM OF THE 5TH
Oceanside Swamp Foxes batting - Pitching for Yellowknife Claws : RHP Mario Díaz
Batting: RHB Ed Nygaard 0-0: Foul Ball, location: 2F
0-1: Called Strike
0-2: Ball
1-2: DOUBLE (Flyball, 78D)
Batting: LHB Chris White 0-0: Ball
1-0: Swinging Strike
1-1: Swinging Strike
1-2: Ball
2-2: SINGLE (Line Drive, 9S)
Ed Nygaard to third
Runner from 3rd tries for Home, SAFE, no throw
Pitching: RHP Juan Elías
Batting: RHB Vernon Harris 0-0: Ball
1-0: Ball
2-0: Swinging Strike
2-1: Foul Ball, location: 2F
2-2: Fly out, F8 (Flyball, 8LS)
Batting: RHB José López 0-0: Ball
1-0: Foul Ball, location: 2F
1-1: Foul Ball, location: 2F
1-2: Ball
2-2: Hit by Pitch
Chris White to second
Batting: RHB Michael Fisher 0-0: Ball
1-0: Called Strike
1-1: Foul Ball, location: 2F
1-2: Ball
2-2: SINGLE (Line Drive, 4D)
Chris White to third
José López to second
Runner from 3rd tries for Home, SAFE, no throw
Batting: LHB Arlen Powers 0-0: SINGLE (Line Drive, 4MD)
José López to third
Michael Fisher to second
Batting: LHB Clinton O'Brien 0-0: Called Strike
0-1: Ball
1-1: Ball
2-1: Ball
3-1: Base on Balls
José López scores
Michael Fisher to third
Arlen Powers to second
Batting: RHB Nathan Smith 0-0: Ball
1-0: Ball
2-0: DOUBLE (Line Drive, 9LS)
Michael Fisher scores
Arlen Powers scores
Clinton O'Brien to third
Pitching: RHP Héctor Santiago
Batting: LHB Gabriel Aguilera 0-0: Ball
1-0: Called Strike
1-1: Ball
2-1: Called Strike
2-2: Fly out, F7 (Line Drive, 78M)
Runner from 3rd tags up, SCORES, no throw
Batting: RHB Ed Nygaard 0-0: Foul Ball, location: 2F
0-1: Ball
1-1: Swinging Strike
1-2: Ball
2-2: Ball
3-2: Fly out, F9 (Flyball, 9S)
Bottom of the 5th over - 6 run(s), 5 hit(s), 0 error(s), 1 left on base; Yellowknife 2 - Oceanside 7
TOP OF THE 6TH
Yellowknife Claws batting - Pitching for Oceanside Swamp Foxes : LHP Jorge Mora
Batting: RHB Oliver Gonzéles 0-0: Ball
1-0: DOUBLE (Line Drive, 78M)
Batting: RHB Jeff Benson 0-0: Ball
1-0: Swinging Strike
1-1: Foul Ball, location: 2F
1-2: Ball
2-2: Ball
3-2: Strikes out looking
Batting: RHB Scotty Hicks 0-0: Ground out 6-3 (Groundball, 6)
Batting: RHB Cris Lugo 0-0: Swinging Strike
0-1: Ball
1-1: Called Strike
1-2: Foul Ball, location: 2F
1-2: SINGLE (Groundball, 6MD)
Oliver Gonzéles to third
Pitching: RHP Carlos Martínez
Batting: RHB Bob Bishop 0-0: Ball
1-0: Reached on error, E9 (Flyball, 89S)
Oliver Gonzéles scores
Cris Lugo to third
Batting: RHB Alan Williams 0-0: Ground out 6-3 (Groundball, 6)
Top of the 6th over - 1 run(s), 2 hit(s), 1 error(s), 2 left on base; Yellowknife 3 - Oceanside 7
BOTTOM OF THE 6TH
Oceanside Swamp Foxes batting - Pitching for Yellowknife Claws : RHP Héctor Santiago
Batting: LHB Chris White 0-0: Ball
1-0: Called Strike
1-1: Ball
2-1: Ball
3-1: Foul Ball, location: 2F
3-2: Foul Ball, location: 2F
3-2: Strikes out swinging
Batting: RHB Vernon Harris 0-0: Called Strike
0-1: Ball
1-1: Called Strike
1-2: Foul Ball, location: 2F
1-2: Strikes out swinging, 2-3 out at first.
Batting: RHB José López 0-0: Called Strike
0-1: Ball
1-1: Foul Ball, location: 2F
1-2: Ball
2-2: Fly out, F7 (Flyball, 7S)
Bottom of the 6th over - 0 run(s), 0 hit(s), 0 error(s), 0 left on base; Yellowknife 3 - Oceanside 7
TOP OF THE 7TH
Yellowknife Claws batting - Pitching for Oceanside Swamp Foxes : RHP Carlos Martínez
Batting: LHB Mauro Díaz 0-0: Called Strike
0-1: Swinging Strike
0-2: Ball
1-2: Ball
2-2: Strikes out looking
Batting: RHB Fernando Álvarez 0-0: Called Strike
0-1: SINGLE (Line Drive, 34)
Batting: RHB Carlos Uribe 0-0: Ball
1-0: Ball
2-0: Ball
3-0: Called Strike
3-1: Base on Balls
Fernando Álvarez to second
Batting: RHB Oliver Gonzéles 0-0: Called Strike
0-1: Called Strike
0-2: Strikes out swinging
Batting: RHB Jeff Benson 0-0: Ball
1-0: Foul Ball, location: 2F
1-1: Swinging Strike
1-2: Foul Ball, location: 2F
1-2: Ball
2-2: Ground out 3-1 (Groundball, 34S)
Top of the 7th over - 0 run(s), 1 hit(s), 0 error(s), 2 left on base; Yellowknife 3 - Oceanside 7
BOTTOM OF THE 7TH
Oceanside Swamp Foxes batting - Pitching for Yellowknife Claws : RHP Héctor Santiago
Batting: RHB Michael Fisher 0-0: Ball
1-0: SINGLE (Flyball, 9LS)
Batting: LHB Arlen Powers 0-0: Bunted foul
0-1: Ball
1-1: Bunt missed!
1-2: SINGLE (Groundball, 34) (infield hit)
Michael Fisher to second
Batting: LHB Clinton O'Brien 0-0: Ball
1-0: Called Strike
1-1: Swinging Strike
1-2: Strikes out looking
Batting: RHB Nathan Smith 0-0: SINGLE (Flyball, 8RS)
Michael Fisher to third
Arlen Powers to second
Batting: LHB Gabriel Aguilera 0-0: Ball
1-0: Swinging Strike
1-1: Ball
2-1: Swinging Strike
2-2: Ball
3-2: Strikes out swinging
Batting: RHB Ed Nygaard 0-0: Called Strike
0-1: Foul Ball, location: 2F
0-2: Fly out, F9 (Line Drive, 9)
Bottom of the 7th over - 0 run(s), 3 hit(s), 0 error(s), 3 left on base; Yellowknife 3 - Oceanside 7
TOP OF THE 8TH
Yellowknife Claws batting - Pitching for Oceanside Swamp Foxes : RHP Carlos Martínez
Batting: RHB Scotty Hicks 0-0: Ball
1-0: Called Strike
1-1: Ball
2-1: Swinging Strike
2-2: Foul Ball, location: 2F
2-2: Foul Ball, location: 2F
2-2: Ball
3-2: Foul Ball, location: 2F
3-2: Foul Ball, location: 2F
3-2: Foul Ball, location: 2F
3-2: Base on Balls
Batting: RHB Cris Lugo 0-0: Called Strike
0-1: Called Strike
0-2: SINGLE (Groundball, 56D)
Scotty Hicks to second
Pitching: RHP Roberto Carbaja
Batting: RHB Bob Bishop 0-0: Swinging Strike
0-1: Swinging Strike
0-2: Ball
1-2: Ball
2-2: Strikes out looking
Batting: RHB Alan Williams 0-0: Ball
1-0: Foul Ball, location: 2F
1-1: Grounds into double play, 6-4-3 (Groundball, 6)
Top of the 8th over - 0 run(s), 1 hit(s), 0 error(s), 1 left on base; Yellowknife 3 - Oceanside 7
BOTTOM OF THE 8TH
Oceanside Swamp Foxes batting - Pitching for Yellowknife Claws : RHP Héctor Santiago
Batting: LHB Chris White 0-0: Ball
1-0: Called Strike
1-1: Fly out, F7 (Flyball, 78D)
Pitching: LHP Aaron Blankenship
Batting: RHB Vernon Harris 0-0: SINGLE (Groundball, 4MD)
Batting: RHB José López 0-0: Ball
1-0: Ball
Wild Pitch!
Vernon Harris to second
2-0: Foul Ball, location: 2F
2-1: Ball
3-1: Fly out, F9 (Flyball, 9D)
Runner from 2nd tags up, SAFE at 3rd, no throw
Batting: RHB Michael Fisher 0-0: Fly out, F9 (Flyball, 89S)
Bottom of the 8th over - 0 run(s), 1 hit(s), 0 error(s), 1 left on base; Yellowknife 3 - Oceanside 7
TOP OF THE 9TH
Yellowknife Claws batting - Pitching for Oceanside Swamp Foxes : RHP Roberto Carbaja
Batting: LHB Mauro Díaz 0-0: Ball
1-0: Ball
2-0: Called Strike
2-1: Ball
3-1: Called Strike
3-2: Ground out 6-3 (Groundball, 6)
Batting: RHB Fernando Álvarez 0-0: Called Strike
0-1: Ball
1-1: SOLO HOME RUN (Flyball, 7D), Distance : 380 ft
Batting: RHB Carlos Uribe 0-0: Swinging Strike
0-1: Ball
1-1: Ball
2-1: Foul Ball, location: 2F
2-2: Strikes out looking
Batting: RHB Oliver Gonzéles 0-0: Foul Ball, location: 2F
0-1: Ball
1-1: Ground out 4-3 (Groundball, 4)
Top of the 9th over - 1 run(s), 1 hit(s), 0 error(s), 0 left on base; Yellowknife 4 - Oceanside 7
Thursday, March 30th, 2017 - OOTP Baseball 17.12 Build 75